 Dungeon Crawl Stone Soup version 0.21.1-1-g345015fe64 (webtiles) character file.

1400 Naru the Cudgeler (level 8, -6/105 HPs)
             Began as a Pale Draconian Berserker on June 12, 2018.
             Was a Priest of Trog.
             Mangled by an orc warrior
             ... wielding a +0 trident
              (12 damage)
             ... on level 6 of the Dungeon.
             The game lasted 00:09:09 (4439 turns).

Naru the Cudgeler (Pale Draconian Berserker)        Turns: 4439, Time: 00:09:10

Health: -6/105     AC: 13    Str: 24    XL:     8   Next: 41%
Magic:  10/10      EV: 14    Int:  8    God:    Trog [***...]
Gold:   165        SH:  0    Dex: 13    Spells: 7/7 levels left

rFire    . . .     SeeInvis .   p - +1 flail (protect)
rCold    . . .     Gourm    .   (no shield)
rNeg     . . .     Faith    .   (armour unavailable)
rPois    .         Spirit   .   (helmet restricted)
rElec    .         Reflect  .   (no cloak)
rCorr    .         Harm     .   (no gloves)
MR       ++...                  (no boots)
Stlth    ..........             (no amulet)
HPRegen  1.27/turn              (no ring)
MPRegen  0.12/turn              (no ring)

@: berserking (expiring), protection aura, regenerating, very quick
A: breathe steam, unfitting armour, cold-blooded, AC +6
a: Breathe Steam, Berserk, Trog's Hand, Burn Spellbooks, Renounce Religion


You were on level 6 of the Dungeon.
You worshipped Trog.
Trog was most pleased with you.
You were not hungry.

You visited 1 branch of the dungeon, and saw 6 of its levels.

You collected 165 gold pieces.

Inventory:

Hand Weapons
 a - a +1 hand axe
 n - a +0 war axe
 p - a +1 flail of protection (weapon)
Missiles
 g - 71 bolts
 q - 2 needles of sleeping
Wands
 d - a wand of flame (32)
Scrolls
 e - 7 scrolls of identify
 f - 2 scrolls of teleportation
 h - 2 scrolls of immolation {unknown}
 i - a scroll of blinking {unknown}
 j - 5 scrolls of remove curse {unknown}
 k - a scroll of amnesia {unknown}
 l - 3 scrolls of noise {unknown}
 m - a scroll of enchant armour {unknown}
 o - a scroll of random uselessness {unknown}
 u - a scroll of holy word {unknown}
Potions
 c - 3 potions of haste
 r - a potion of might {unknown}
 s - 2 potions of curing
 t - a potion of cancellation {unknown}
Comestibles
 b - 9 rations


   Skills:
 * Level 5.8 Fighting
 - Level 5.7(7.0) Axes
 * Level 6.1(7.2) Maces & Flails
 + Level 4.2 Dodging
 - Level 0.7 Stealth
 * Level 3.2 Evocations


You had 7 spell levels left.
You didn't know any spells.

Dungeon Overview and Level Annotations

Branches:
Dungeon (6/15)
 Temple: D:4-7

Altars:
Ashenzari
Cheibriados
Okawaru
Trog

Shops:
D:6 (


Innate Abilities, Weirdness & Mutations

You can breathe blasts of scalding, opaque steam.
Your pale cyan-grey scales are hard. (AC +6)
You cannot fit into any form of body armour.
You are cold-blooded and may be slowed by cold attacks.


Message History

The orc misses you.
You bludgeon the orc!!
You kill the orc!
Trog accepts your kill.
The orc warrior hits you but does no damage.
You feel a strong urge to attack something.
You are too berserk!
You closely miss the orc. The orc hits you but does no damage.
You bludgeon the orc!!
You kill the orc!
Trog accepts your kill.
The orc warrior hits you from afar with a trident!
* * * LOW HITPOINT WARNING * * *
Things that are here:
a mace; a leather armour You barely miss the orc warrior.
The orc warrior is moderately wounded.
You feel the effects of Trog's Hand fading.
The orc warrior hits you with a trident!
You die...

#...........)..#..
#..#.#.#..#.......
#......#<.....§.o.
######.##......##.∩.#.....
#........[.....##...§.?...
....##.###...#....#.......
....##.#.........##.......
....##.###.#<#.#o# ###+#.#
...........#.#(#@# #
.....#.###.#.#.#.#
.....#.###..............
...........#.#..##..####
...........#.#......#
.....#.##..#....# .#
..##.#.##..#.#..# .#
..##...##..#....# #
..##...##..#.##..


You could see an orc warrior.

Vanquished Creatures
  The ghost of Mesmodan the Basher, a novice MiFi of Makhleb (D:5)
  Menkaure (D:5)
  An eye of draining (D:5)
  The ghost of Ethylacetat the Skirmisher, an amateur DsCK of Xom (D:3)
  An ogre (D:5)
  A bullfrog (D:6)
  A scorpion (D:4)
  A howler monkey (D:5)
  A centaur skeleton (D:5)
  3 hounds
  An orc priest (D:4)
  2 orc wizards
  5 worker ants
  3 adders
  An adder zombie (D:5)
  An adder skeleton (D:5)
  A dart slug (D:3)
  A worm (D:3)
  The ghost of DildoBatman the Magician, a weakling FoWz (D:4)
  6 leopard geckos
  13 orcs
  A ball python (D:5)
  6 bats
  5 giant cockroaches
  6 goblins
  7 hobgoblins
  6 kobolds
  A quokka (D:5)
  6 frilled lizards
  10 rats
95 creatures vanquished.

Notes
Turn   | Place    | Note
-------+----------+-------------------------------------------
     0 | D:1      | Naru the Draconian Berserker began the quest for the Orb.
     0 | D:1      | Reached XP level 1. HP: 19/19 MP: 1/1
    93 | D:1      | Reached XP level 2. HP: 26/26 MP: 2/2
   890 | D:2      | Reached XP level 3. HP: 22/33 MP: 3/3
  1174 | D:2      | Reached ** piety under Trog
  1494 | D:2      | Reached XP level 4. HP: 29/40 MP: 4/4
  1815 | D:3      | Noticed Ethylacetat's ghost (amateur DsCK)
  1829 | D:3      | Killed Ethylacetat's ghost
  1829 | D:3      | Reached XP level 5. HP: 47/47 MP: 5/5
  1970 | D:3      | Reached skill level 5 in Axes
  2594 | D:4      | Found a shattered altar of Ashenzari.
  2594 | D:4      | Found an iron altar of Okawaru.
  2594 | D:4      | Found a snail-covered altar of Cheibriados.
  2597 | D:4      | Reached XP level 6. HP: 53/53 MP: 6/6
  2924 | D:4      | Reached skill level 5 in Fighting
  2924 | D:4      | Reached skill level 1 in Maces & Flails
  3088 | D:4      | Noticed DildoBatman's ghost (weakling FoWz)
  3097 | D:4      | Killed DildoBatman's ghost
  3284 | D:5      | Entered Level 5 of the Dungeon
  3447 | D:5      | Noticed Mesmodan's ghost (novice MiFi)
  3474 | D:5      | Killed Mesmodan's ghost
  3474 | D:5      | Reached skill level 3 in Maces & Flails
  3474 | D:5      | Your scales start taking on a pale cyan-grey colour.
  3474 | D:5      | Reached XP level 7. HP: 34/61 MP: 6/8
  3490 | D:5      | Found a bloodstained altar of Trog.
  3561 | D:5      | Reached skill level 4 in Maces & Flails
  3697 | D:5      | Noticed Menkaure
  3700 | D:5      | Killed Menkaure
  3700 | D:5      | Reached skill level 5 in Maces & Flails
  3700 | D:5      | Reached XP level 8. HP: 35/70 MP: 8/10
  4393 | D:6      | Found Vosch's Antique Weapon Boutique.
  4409 | D:6      | Reached *** piety under Trog
  4418 | D:6      | Reached skill level 6 in Maces & Flails
  4437 | D:6      | HP: 4/105 [orc warrior/trident (16)]
  4439 | D:6      | Mangled by an orc warrior

Skill      XL: |  1  2  3  4  5  6  7  8 |
---------------+-------------------------+-----
Dodging        | 3 4 |  4.2
Fighting       | 4 5 |  5.8
Axes           | 4 5 |  5.7
Maces & Flails | 3 5 6 |  6.1
Evocations     | 2 3 |  3.2
Stealth        | |  0.7

Action                   |  1- 3 |  4- 6 |  7- 9 || total
-------------------------+-------+-------+-------++-------
Melee: Hand axe          |   105 |    62 |       ||   167
       Tailslap          |    12 |    20 |     7 ||    39
       War axe           |       |    30 |       ||    30
       Flail             |       |    62 |    74 ||   136
Invok: Berserk           |     1 |     5 |     1 ||     7
       Trog's Hand       |     1 |     4 |     1 ||     6
 Abil: Breathe Steam     |       |       |     4 ||     4
  Use: Scroll            |       |     5 |       ||     5
       Potion            |       |     1 |       ||     1
 Stab: Sleeping          |     1 |     1 |       ||     2
  Eat: Chunk             |     3 |     1 |       ||     4
       Ration            |       |     3 |     2 ||     5
Armor: Skin              |    27 |    48 |    29 ||   104
Dodge: Dodged            |    90 |    86 |    54 ||   230
